 Dungeon Crawl Stone Soup version 0.30-a0-778-g2ef04afb54 (webtiles) character file.

Game seed: 7467042894446700949

1637737 ShnitzelX3 the Planerender (level 26, 196/222 HPs)
             Began as a Barachi Summoner on Feb 13, 2023.
             Was a Priest of Sif Muna.
             Escaped with the Orb
             ... and 3 runes on Feb 16, 2023!
             The game lasted 05:08:44 (69762 turns).

ShnitzelX3 the Planerender (Barachi Summoner)      Turns: 69762, Time: 05:08:44

Health: 196/222    AC: 20    Str: 13    XL:     26   Next: 98%
Magic:  43/43      EV: 21    Int: 28    God:    Sif Muna [***...]
Gold:   2040       SH: 16    Dex: 19    Spells: 4/68 levels left

rFire   + + +      SeeInvis +    b - +9 short sword of Honour {vamp, rElec rF+ rN+ Will-}
rCold   . . .      Faith    .    j - +1 kite shield {reflect}
rNeg    + + +      Spirit   .    N - +3 ring mail "Vuwub" {rF++ Int-4}
rPois   +          Reflect  +    o - +1 helmet "Harch" {rCorr Str+5}
rElec   +          Harm     .    x - +2 cloak of the Thief {*Fog Slay-2 SInv Stlth+}
rCorr   +          Rampage  .    d - +0 pair of gloves of the Trout {Int+5}
Will    +....                    Q - +1 pair of boots {Stlth+}
Stlth   +++                      W - amulet of magic regeneration
HPRegen 0.57/turn                V - ring "Dupixul" {*Corrode rPois Slay+4 SInv}
MPRegen 0.68/turn                g - ring "Pohiqu" {Wiz rN++ Will+}

@: studying Fighting, slow
A: amphibious, slowness 1, strong legs 2, +LOS, iridescent scales 1, agile 1,
clever 1, low MP 1
0: Orb of Zot
}: 3/15 runes: decaying, silver, gossamer
a: Hop, Renounce Religion, Channel Magic, Forget Spell


You escaped.
You worshipped Sif Muna.
Sif Muna was most pleased with you.
You visited 9 branches of the dungeon, and saw 47 of its levels.
You also visited: Trove, Ossuary and Bailey.

You collected 7195 gold pieces.
You spent 5155 gold pieces at shops.

Inventory:

Hand Weapons
 a - a +4 great sword of electrocution
 b - the +9 short sword of Honour (weapon) {vamp, rElec rF+ rN+ Will-}
   (You bought it in a shop on level 4 of the Depths)

   rF:        It protects you from fire.
   rElec:     It insulates you from electricity.
   rN:        It protects you from negative energy.
   Will:      It decreases your willpower.
 w - the +0 rapier of Awkwardness {venom, rElec Str+4}
   (You found it on level 3 of the Swamp)

   Str:       It affects your strength (+4).
   rElec:     It insulates you from electricity.
Missiles
 P - 6 curare-tipped darts (quivered)
 R - 2 throwing nets
Armour
 d - the +0 pair of gloves of the Trout (worn) {Int+5}
   (You found it on level 5 of the Vaults)

   Int:       It affects your intelligence (+5).
 j - a +1 kite shield of reflection (worn)
 o - the +1 helmet "Harch" (worn) {rCorr Str+5}
   (You found it on level 2 of the Dungeon)

   Str:       It affects your strength (+5).
   rCorr:     It protects you from acid and corrosion.
 t - a +5 ring mail of willpower
 x - the +2 cloak of the Thief (worn) {*Fog Slay-2 SInv Stlth+}
   (You found it on level 3 of the Elven Halls)

   *Fog:      It may release a thick cloud of smoke when the wearer is hurt.
   Slay:      It affects your accuracy & damage with ranged weapons and melee
   (-2).
   SInv:      It lets you see invisible.
   Stlth:     It makes you more stealthy.
 N - the +3 ring mail "Vuwub" (worn) {rF++ Int-4}
   (You bought it in a shop on level 4 of the Depths)

   Int:       It affects your intelligence (-4).
   rF:        It greatly protects you from fire.
 Q - a +1 pair of boots of stealth (worn)
 Z - the +3 buckler of Whack-A-Mole {Int+4}
   (You acquired it on level 5 of the Vaults)

   Int:       It affects your intelligence (+4).
Jewellery
 e - a ring of see invisible
 g - the ring "Pohiqu" (right hand) {Wiz rN++ Will+}
   (You found it on level 3 of the Elven Halls)

   [ring of wizardry]

   It improves your spell success rate.
   rN:        It greatly protects you from negative energy.
   Will:      It increases your willpower.
 y - the ring "Boadith" {AC+4 Int+4}
   (You acquired it on level 2 of the Orcish Mines)

   [ring of protection]

   AC:        It affects your AC (+4).
   Int:       It affects your intelligence (+4).
 S - a ring of protection from cold
 V - the ring "Dupixul" (left hand) {*Corrode rPois Slay+4 SInv}
   (You acquired it on level 2 of the Elven Halls)

   [ring of poison resistance]

   Slay:      It affects your accuracy & damage with ranged weapons and melee
   (+4).
   rPois:     It protects you from poison.
   SInv:      It lets you see invisible.
   *Corrode:  It may corrode you when you take damage.
 W - an amulet of magic regeneration (around neck)
 X - a ring of protection from fire
 Y - a ring of flight
Wands
 c - a wand of digging (24)
 l - a wand of roots (12)
 A - a wand of light (16)
 L - a wand of mindburst (25)
 U - a wand of charming (30)
Scrolls
 f - 3 scrolls of fog
 h - 4 scrolls of blinking
 k - 6 scrolls of immolation
 q - 9 scrolls of magic mapping
 r - 9 scrolls of teleportation
 v - 4 scrolls of fear
 z - 8 scrolls of vulnerability
 B - 6 scrolls of poison
 J - 2 scrolls of summoning
 M - 2 scrolls of silence
Potions
 m - 10 potions of brilliance
 n - 5 potions of cancellation
 p - 8 potions of haste
 s - 12 potions of curing
 u - 7 potions of attraction
 C - 3 potions of mutation
 E - 3 potions of invisibility
 F - 8 potions of magic
 G - 8 potions of lignification
 H - 3 potions of ambrosia
 I - 10 potions of might
 K - 4 potions of resistance
 O - 5 potions of berserk rage
 T - 2 potions of heal wounds
Miscellaneous
 i - a phantom mirror
 D - a condenser vane


   Skills:
 * Level 21.4 Fighting
 - Level 12.2 Long Blades
 - Level 5.2 Armour
 + Level 19.0 Dodging
 + Level 15.3 Stealth
 + Level 16.5 Shields
 * Level 21.8 Spellcasting
 - Level 2.3 Conjurations
 - Level 3.1 Hexes
 O Level 27 Summonings
 - Level 6.6 Necromancy
 - Level 4.5 Air Magic
 - Level 7.0 Earth Magic
 + Level 10.9 Invocations


You had 4 spell levels left.
You knew the following spells:

 Your Spells              Type           Power      Damage    Failure   Level
a - Summon Hydra          Summ           55%        N/A       1%          7
b - Summon Horrible Thin  Summ           55%        N/A       1%          8
c - Call Canine Familiar  Summ           100%       N/A       0%          3
d - Summon Guardian Gole  Hex/Summ       86%        N/A       1%          3
e - Summon Lightning Spi  Summ/Air       87%        N/A       1%          4
f - Summon Cactus Giant   Summ           55%        N/A       0%          6
g - Summon Mana Viper     Hex/Summ       86%        N/A       1%          5
h - Dragon's Call         Summ           55%        N/A       2%          9
i - Anguish               Hex/Necr       27%        N/A       2%          4
j - Summon Forest         Summ/Tloc      41%        N/A       1%          5
k - Borgnjor's Vile Clut  Necr/Erth      31%        N/A       2%          5
l - Yara's Violent Unrav  Hex/Tmut       19%        3d9       22%         5

Your spell library contained the following spells:

 Spells                   Type           Power      Damage    Failure   Level
 Summon Small Mammal      Summ           100%       N/A       0%          1
 Call Imp                 Summ           100%       N/A       0%          2
 Apportation              Tloc           60%        N/A       1%          1
 Beastly Appendage        Tmut           60%        N/A       1%          1
 Foxfire                  Conj/Fire      100%       2x1d9     1%          1
 Freeze                   Ice            100%       1d10      1%          1
 Kiss of Death            Conj/Necr      100%       2d13      1%          1
 Magic Dart               Conj           100%       1d8       1%          1
 Necrotise                Necr           100%       1d9       1%          1
 Sandblast                Erth           100%       2d20      1%          1
 Shock                    Conj/Air       100%       1d9       1%          1
 Slow                     Hex            100%       N/A       1%          1
 Cigotuvi's Dreadful Rot  Necr/Pois/Air  100%       N/A       1%          2
 Ensorcelled Hibernation  Hex/Ice        78%        N/A       1%          2
 Momentum Strike          Conj/Tloc      74%        3d10      1%          2
 Passwall                 Tmut/Erth      41%        N/A       1%          2
 Poisonous Vapours        Pois/Air       86%        N/A       1%          2
 Searing Ray              Conj           86%        2d7       1%          2
 Static Discharge         Conj/Air       98%        2-7/arc   1%          2
 Sublimation of Blood     Necr           61%        N/A       1%          2
 Confusing Touch          Hex            48%        N/A       1%          3
 Dazzling Flash           Conj/Hex       90%        N/A       1%          3
 Mephitic Cloud           Conj/Pois/Air  43%        N/A       1%          3
 Stone Arrow              Conj/Erth      100%       3d13      1%          3
 Swiftness                Air            54%        N/A       1%          3
 Tukima's Dance           Hex            48%        N/A       1%          3
 Vampiric Draining        Necr           61%        2d10      1%          3
 Vhi's Electric Charge    Tloc/Air       86%        N/A       1%          3
 Animate Armour           Summ/Erth      100%       N/A       1%          4
 Animate Dead             Necr           61%        N/A       1%          4
 Leda's Liquefaction      Hex/Erth       28%        N/A       1%          4
 Summon Ice Beast         Ice/Summ       82%        N/A       1%          4
 Blink                    Tloc           60%        N/A       2%          2
 Lesser Beckoning         Tloc           60%        N/A       2%          2
 Scorch                   Fire           60%        2d8       2%          2
 Wereblood                Tmut           30%        N/A       2%          2
 Inner Flame              Hex/Fire       39%        N/A       2%          3
 Kindle Blastsparks       Fire/Tloc/Air  78%        2d16      2%          3
 Portal Projectile        Hex/Tloc       78%        N/A       2%          3
 Airstrike                Air            27%        2d(4-20)  2%          4
 Hailstorm                Conj/Ice       37%        3d9       3%          3
 Frozen Ramparts          Ice            60%        1d10      4%          3
 Gell's Gravitas          Tloc           30%        N/A       4%          3
 Ozocubu's Armour         Ice            30%        N/A       4%          3
 Spider Form              Tmut/Pois      30%        N/A       4%          3
 Teleport Other           Tloc           30%        N/A       4%          3
 Cause Fear               Hex            24%        N/A       4%          4
 Petrify                  Tmut/Erth      50%        N/A       4%          4
 Fulminant Prism          Conj/Hex       22%        3d12      5%          4
 Flame Wave               Conj/Fire      37%        2d10      10%         4
 Iskenderun's Mystic Bla  Conj/Tloc      37%        2d9       10%         4
 Sticky Flame             Conj/Fire      37%        2d6       10%         4
 Ice Form                 Ice/Tmut       30%        N/A       16%         4
 Manifold Assault         Tloc           30%        N/A       16%         4
 Olgreb's Toxic Radiance  Pois           30%        N/A       16%         4
 Passage of Golubria      Tloc           30%        N/A       16%         4
 Haunt                    Necr/Summ      45%        N/A       1%          7
 Monstrous Menagerie      Summ           55%        N/A       1%          7
 Agony                    Necr           61%        N/A       2%          5
 Lee's Rapid Deconstruct  Erth           31%        3d16*     2%          5
 Spellforged Servitor     Conj/Summ      42%        N/A       3%          7
 Malign Gateway           Summ/Tloc      41%        N/A       5%          7
 Silence                  Hex/Air        25%        N/A       9%          5
 Arcjolt                  Conj/Air       24%        1d34      11%         5
 Lightning Bolt           Conj/Air       24%        1d40      11%         5
 Freezing Cloud           Conj/Ice/Air   21%        6-21      16%         5
 Iskenderun's Battlesphe  Conj           43%        2d9       16%         5
 Death Channel            Necr           30%        N/A       16%         6
 Metabolic Englaciation   Hex/Ice        19%        N/A       22%         5
 Fireball                 Conj/Fire      18%        3d9       26%         5
 Irradiate                Conj/Tmut      18%        3d17      26%         5
 Iron Shot                Conj/Erth      27%        9d6       32%         6
 Alistair's Intoxication  Tmut/Pois      20%        N/A       38%         5
 Blade Hands              Tmut           15%        N/A       38%         5
 Statue Form              Tmut/Erth      33%        N/A       47%         6
 Conjure Ball Lightning   Conj/Air       24%        3x3d7     50%         6
 Simulacrum               Ice/Necr       24%        N/A       50%         6
 Starburst                Conj/Fire      18%        6d7       80%         6
 Dispersal                Tloc           15%        N/A       91%         6
 Eringya's Noxious Bog    Tmut/Pois      15%        N/A       91%         6
 Enfeeble                 Hex            24%        N/A       97%         7
 Orb of Destruction       Conj           21%        9d8       99%         7
 Storm Form               Tmut/Air       21%        N/A       99%         7
 Borgnjor's Revivificati  Necr           30%        N/A       99%         8
 Dragon Form              Tmut           15%        N/A       100%        7
 Ozocubu's Refrigeration  Ice            15%        4d10      100%        7
 Discord                  Hex            24%        N/A       100%        8
 Ignition                 Fire           15%        3d6       100%        8
 Lehudib's Crystal Spear  Conj/Erth      27%        10d7      100%        8
 Maxwell's Capacitive Co  Air            27%        ∞         100%        8
 Necromutation            Tmut/Necr      24%        N/A       100%        8
 Chain Lightning          Conj/Air       24%        3d32      100%        9
 Death's Door             Necr           30%        N/A       100%        9
 Polar Vortex             Ice            15%        N/A       100%        9
 Shatter                  Erth           31%        3d26*     100%        9


Dungeon Overview and Level Annotations

Branches:
Dungeon (15/15)            Temple (0/1) D:7            Lair (5/5) D:10
  Swamp (4/4) Lair:3       Spider (4/4) Lair:2        Slime (0/5) Lair:4
    Orc (2/2) D:10            Elf (3/3) Orc:2        Vaults (5/5) D:13
  Crypt (0/3) Vaults:2     Depths (4/4) D:15            Zot (5/5) Depths:4
Ossuary (visited)          Bailey (visited)

Altars:
Ashenzari
Dithmenos
Elyvilon
Fedhas
Nemelex Xobeh
Qazlal
Sif Muna
Trog
Uskayaw
Vehumet
Xom
Yredelemnul
The Shining One
Jiyva

Shops:
D:1 [   D:10 *   Orc:2 !?**   Elf:1 ?   Elf:2 **   Elf:3 *   Vaults:1 *
Vaults:2 ?   Zot:3 *   Depths:4 [[(

Portals:
Hell: Depths:1 Depths:2 Depths:3 Depths:4
Abyss: Depths:2 Depths:3
Pandemonium: Depths:2
Ziggurat: Depths:1

Annotations:
Swamp:3 Nikola
Spider:3 Roxanne
Elf:2 3 runed translucent doors
Vaults:2 1 transporter
Vaults:4 exclusion: orange crystal statue, Zenata
Depths:2 1 runed translucent door
Depths:4 2 transporters, Odimm's ghost, master GrFi


Innate Abilities, Weirdness & Mutations

You are amphibious.
You cover ground slowly.
You can hop long distances.
You have an extended range of vision and can be seen from far away.
You are partially covered in iridescent scales. (AC +2)
You are agile. (Dex +4, Str/Int -1)
Your mind is acute. (Int +4, Str/Dex -1)
Your magical capacity is low. (-10% MP)


Message History

Your large abomination hits the sun demon!
Your large abomination hits the sun demon but does no damage.
The sun demon hits your large abomination!!
Your large abomination is engulfed in flames!
Your large abomination is destroyed!
Your large abomination disappears in a puff of smoke!
The sun demon hits your large abomination but does no damage.
Your large abomination hits the sun demon!
The sun demon dies!
Sif Muna accepts your kill.
Your extra speed is starting to run out.
You feel yourself slow down.
There is a stone staircase leading up here.
HP restored.
You climb upwards.
There is a stone staircase leading down here.
There is a stone staircase leading up here.
You climb upwards.
There is a stone staircase leading down here.
Items here: ))))) [.
Things that are here:
a +0 robe; a +0 dagger
There is a stone staircase leading up here.
You climb upwards.
There is a stone staircase leading down here.
An orange demon comes into view.
You can't go up here!
The orange demon barely misses you. x2
The orange demon completely misses you.
There is a stone staircase leading up here.
You are ready to hop once more.
You block the orange demon's attack.
You climb upwards.
There is a stone staircase leading down here.
A hellion comes into view.
The hellion gestures at you.
The sphere of damnation explodes!
The damnation engulfs you!!
With a swish of your cloak, you release a cloud of fog.
There is a staircase leading out of the dungeon here.
You have escaped!

.....#.....................#...+.
.........#######.######.......##.
~~.......# ##...## ##....#.##.
~........# ##...(.## #....#.##.
.........# ##§§..§..## #....#'##.
.........###§§§§..§..###.........
..#########.§§§§§§§...##.........
........##..§§§§§.§....#...#.....
........##..§§§§@§§....#...#.†...
........##...§§§§.~....#...#.....
.#......###...§~§~....##.........
.#......# ##.........###..#......
.#).....# ##.......## #..#....#.
.#......# ##.....## #..#....#.
.#......# ##...## ###........
.#......########+### #..........
............#......# #..........


There were no monsters in sight!

Vanquished Creatures
  2 tentacled monstrosities
  An Orb Guardian (Zot:5)
  A lich (Depths:1)
  A sphinx (Vaults:4)
  A death cob (Zot:2)
  2 deep elf master archers (Depths:2)
  2 tengu reavers (Vaults:5)
  A shadow dragon (Zot:2)
  2 storm dragons
  A fire giant (Vaults:5)
  An emperor scorpion (Spider:4)
  2 vault wardens (Vaults:5)
  Louise (Depths:2)
  6 ghost moths
  3 ironbound preservers
  2 draconian annihilators
  A very ugly thing (Vaults:3)
  3 broodmothers
  A draconian stormcaller (Zot:5)
  3 war gargoyles
  A stone giant (Vaults:2)
  2 ironbound thunderhulks
  A deep elf demonologist (Elf:1)
  An eleionoma (Swamp:4)
  2 deep elf annihilators
  A white draconian (Zot:2)
  2 red draconians
  2 dire elephants (Vaults:1)
  An ettin (Vaults:5)
  A deep elf death mage (Elf:3)
  A deep elf high priest (Vaults:5)
  4 yaktaur captains
  2 entropy weavers (Spider:2)
  A peacekeeper (Vaults:3)
  A jorogumo (Spider:2)
  An ice dragon (D:13)
  3 vault guards (Vaults:5)
  A boulder beetle (Spider:3)
  3 centaur warriors
  A spriggan air mage (Depths:1)
  A two-headed ogre (Orc:2)
  2 dancing weapons
  2 deep troll earth magi (Vaults:5)
  A two-headed ogre (shapeshifter) (Vaults:5)
  An orc high priest (Orc:2)
  A soul eater (D:9)
  2 deep elf knights
  A goliath frog (Swamp:4)
  A skyshark (Lair:5)
  A swamp dragon (Swamp:4)
  A flayed ghost (Depths:4)
  An orb spider (Spider:1)
  2 bog bodies
  11 deep trolls
  A spriggan simulacrum (Depths:1)
  5 ironbound convokers
  A necromancer (D:13)
  A steelbarb worm (Spider:4)
  4 deep elf zephyrmancers
  A harpy (Vaults:1)
  A will-o-the-wisp (Swamp:1)
  11 deep elf pyromancers
  2 oklob plants (Lair:4)
  7 ugly things
  6 moths of wrath
  A manticore (D:12)
  3 elephants
  8 wolf spiders
  3 black mambas
  A gargoyle (D:11)
  3 torpor snails
  3 orange demons (Swamp:4)
  2 cane toads
  A kobold demonologist (D:11)
  8 yaktaurs
  A meliai (Spider:2)
  25 nameless horrors
  A hornet (Lair:5)
  A tyrant leech (Swamp:4)
  8 slime creatures
  2 dream sheep (Lair:5)
  3 tarantellas
  8 blink frogs
  An air elemental (Elf:1)
  A large abomination (Swamp:4)
  9 jumping spiders
  2 shadows
  11 culicivoras
  7 yaks
  A water elemental (Depths:3)
  A human (shapeshifter) (Elf:1)
  A vampire (D:13)
  2 fire elementals (D:14)
  3 basilisks
  15 redbacks
  3 steam dragons
  2 swamp worms
  10 water moccasins
  Duvessa (D:6)
  A swamp drake (Swamp:3)
  8 orc warriors
  A boggart (Zot:2)
  4 wolves
  4 centaurs
  3 bullfrogs
  A kobold brigand (D:9)
  A gnoll sergeant (D:7)
  2 scorpions
  2 water moccasin zombies (Ossuary)
  A necrophage (D:6)
  2 wights
  3 killer bees (D:8)
  A howler monkey (D:6)
  A quasit (D:9)
  A hound (D:5)
  13 orc priests
  Ijyb (D:3)
  13 orc wizards
  Natasha (D:3)
  3 hell rats (Lair:5)
  A mummy (Ossuary)
  An adder (D:6)
  3 shadow imps
  5 adder zombies (Ossuary)
  25 orcs
  2 bats (D:1)
  An endoplasm (D:1)
  2 giant cockroaches (D:1)
  3 goblins
  8 jackals
  2 quokkas
  3 ball pythons
  A gnoll zombie (Ossuary)
  3 hobgoblin zombies (Ossuary)
  A kobold (D:9)
  3 kobold zombies (Ossuary)
  4 orc zombies
  A rat (D:1)
425 creatures vanquished.

Vanquished Creatures (collateral kills)
  3 dread liches
  4 orbs of fire
  2 ancient liches (Zot:5)
  Mennas (Depths:3)
  Sojobo (Depths:1)
  Boris (Depths:3)
  Vv (Zot:2)
  Parghit (Zot:3)
  Margery (Vaults:2)
  5 Killer Klowns
  A curse toe (Zot:4)
  4 golden dragons
  A bone dragon (Depths:4)
  3 electric golems
  2 hellephants (Depths:4)
  13 tentacled monstrosities
  A walking earthen tome (Depths:1)
  17 Orb Guardians (Zot:5)
  A deep elf blademaster (Elf:3)
  3 deep elf master archers
  5 titans (Vaults:5)
  4 quicksilver dragons
  8 death cobs
  The ghost of Timpihef the Spry, an adept OpAK of Lugonu (Elf:3)
  3 sphinxes
  Kirke (D:12)
  A thorn hunter (Swamp:2)
  5 shadow dragons
  6 tengu reavers
  7 draconian monks
  11 storm dragons
  Donald (Spider:2)
  An azure jelly (shapeshifter) (Zot:2)
  2 revenants (Vaults:2)
  2 draconian knights
  6 frost giants
  11 fire giants
  23 vault wardens
  4 ghost moths
  A balrug (Zot:2)
  2 juggernaut zombies (Depths:1)
  4 deep elf sorcerers
  3 emperor scorpions
  3 deep elf elementalists (Elf:3)
  4 draconian shifters
  31 ironbound preservers
  4 draconian scorchers
  5 draconian stormcallers
  5 draconian annihilators
  7 stone giants
  24 very ugly things
  A spriggan defender (Depths:4)
  5 deep elf demonologists
  5 ironbound thunderhulks
  12 black draconians
  14 green draconians
  3 broodmothers
  Nessos (D:15)
  Azrael (D:14)
  19 red draconians
  6 eleionomae
  A vampire knight (Vaults:2)
  A lorocyproca (Depths:2)
  2 black draconians (shapeshifter) (Zot:2)
  6 white draconians
  8 dire elephants
  A demonspawn black sun (Depths:1)
  5 bunyips
  A yellow draconian (shapeshifter) (Zot:2)
  7 yellow draconians
  10 purple draconians
  A dire elephant (shapeshifter) (Zot:2)
  A purple draconian (shapeshifter) (Zot:2)
  11 deep elf annihilators
  A crystal guardian (Vaults:4)
  7 fire dragons
  2 green deaths (Swamp:4)
  12 ettins
  10 deep elf death magi
  3 deep elf high priests
  4 jiangshi
  A merfolk impaler (Depths:3)
  4 entropy weavers
  4 great orbs of eyes
  2 peacekeepers (Vaults:4)
  5 ice dragons
  12 yaktaur captains
  Harold (Orc:1)
  3 rakshasas
  15 hydras
  A hydra (shapeshifter) (Zot:2)
  A catoblepas (D:13)
  A ghost crab (Swamp:1)
  35 vault guards
  A spriggan air mage (Depths:4)
  7 ironbound frosthearts
  3 centaur warriors
  A radroach (Spider:4)
  3 boulder beetles
  5 deep troll shamans
  5 two-headed ogres
  A death knight (Zot:2)
  3 death yaks (D:10)
  2 death scarabs
  7 deep troll earth magi
  7 tengu warriors
  6 alligators
  9 hell hogs (Depths:4)
  15 dancing weapons
  4 orc high priests
  A titan zombie (Depths:2)
  A vampire mage (Depths:1)
  7 spriggan berserkers
  5 deep elf knights
  A soul eater (D:9)
  A sun demon (D:5)
  93 deep trolls
  8 pharaoh ants
  A death drake (shapeshifter) (D:15)
  8 goliath frogs
  6 iron trolls
  9 hell knights
  A quicksilver dragon simulacrum (Depths:1)
  10 swamp dragons
  A skyshark (Lair:4)
  2 flayed ghosts
  6 orb spiders
  6 bog bodies
  2 spriggan druids
  4 steelbarb worms
  8 deep elf archers
  A swamp dragon (shapeshifter) (Orc:2)
  11 lindwurms
  2 orc knights
  3 glowing orange brains
  A shadow dragon zombie (Depths:1)
  15 deep elf pyromancers
  A sphinx zombie (Depths:1)
  11 necromancers
  3 harpies (Vaults:1)
  15 deep elf zephyrmancers
  6 wizards
  5 phantasmal warriors
  18 ironbound convokers
  2 oklob plants (Spider:2)
  An orc sorcerer (Orc:2)
  A stone giant zombie (Depths:1)
  A shadow dragon skeleton (Depths:1)
  4 cyclopes
  2 frost giant zombies (Depths:2)
  A tengu skeleton (Depths:1)
  45 ugly things
  3 will-o-the-wisps
  14 wolf spiders
  A rust devil (D:9)
  24 moths of wrath
  3 guardian serpents (Zot:2)
  7 elephants
  8 torpor snails
  24 vault sentinels
  A guardian serpent (shapeshifter) (Depths:1)
  3 demonic crawlers
  A smoke demon (D:9)
  2 orange demons
  3 cane toads
  2 unseen horrors
  7 komodo dragons
  45 yaktaurs
  An efreet (D:15)
  A kobold demonologist (D:12)
  2 ice devils
  3 trolls
  4 tengu conjurers
  A rime drake (Lair:5)
  3 bloated husks
  2 meliai (Spider:2)
  A red devil (D:9)
  7 tyrant leeches
  4 harpy zombies (Zot:2)
  A polar bear (Lair:4)
  A merfolk (shapeshifter) (Depths:4)
  A meliai (shapeshifter) (D:13)
  14 hornets
  3 raiju (Zot:2)
  A tarantella (shapeshifter) (D:14)
  21 tarantellas
  Prince Ribbit (D:9)
  12 dream sheep (Lair:5)
  44 slime creatures
  3 blink frogs (Lair:2)
  2 spriggan zombies
  A fire giant simulacrum (Depths:1)
  An air elemental (Elf:1)
  A culicivora (shapeshifter) (Elf:1)
  15 jumping spiders
  10 spriggans
  2 spriggan skeletons
  3 wraiths
  2 ynoxinuls (Depths:2)
  19 culicivoras
  9 water elementals
  Sigmund (D:2)
  2 shadows
  A wyvern (Lair:3)
  A vampire (D:14)
  21 yaks
  5 large abominations
  A basilisk (Lair:2)
  3 fire elementals
  A golden eye (shapeshifter) (Elf:1)
  2 golden eyes (D:11)
  A chaos spawn (Depths:2)
  3 hogs (D:12)
  41 redbacks
  8 swamp worms
  5 vampire mosquitoes
  A warg (shapeshifter) (Elf:1)
  A warg (Orc:2)
  An acid dragon (D:11)
  A water moccasin (shapeshifter) (Vaults:5)
  10 water moccasins
  A hell hound (D:14)
  A glowing shapeshifter skeleton (Vaults:5)
  23 orc warriors
  2 black bears
  A sky beast (D:8)
  A deep troll simulacrum (Vaults:5)
  A tengu (shapeshifter) (D:13)
  A boggart (Zot:2)
  6 ogres
  2 wolves (Lair:1)
  A phantom (D:5)
  5 centaurs (D:15)
  2 kobold brigands
  20 nameless horrors
  2 earth elementals
  3 elf zombies (Elf:1)
  10 bullfrogs
  2 necrophages
  3 scorpions (D:6)
  2 elf skeletons (D:7)
  A water moccasin zombie (Ossuary)
  Dowan (D:6)
  5 wights
  8 killer bees
  2 electric eels (Lair:3)
  A jelly (D:6)
  2 human simulacra (Vaults:5)
  3 hounds
  20 orc priests
  Crazy Yiuf (D:2)
  3 human skeletons (D:7)
  5 iguanas
  Natasha (twice) (D:3)
  19 orc wizards
  A hell rat (Lair:5)
  A tengu simulacrum (Depths:1)
  A mummy (Ossuary)
  4 gnolls (D:7)
  A river rat (D:10)
  8 adders
  2 ufetubi
  An adder zombie (Ossuary)
  A worm (D:2)
  A dart slug (D:1)
  72 orcs
  4 bats
  6 endoplasms
  A giant cockroach (D:2)
  8 goblins
  7 hobgoblins
  4 jackals
  5 quokkas
  5 ball pythons
  A frilled lizard (D:1)
  2 hobgoblin zombies (Ossuary)
  15 kobolds
  A kobold zombie (Ossuary)
  4 orc zombies (Ossuary)
  2 rats
  A butterfly (Zot:2)
1691 creatures vanquished.

Vanquished Creatures (others)
  A golden dragon (Zot:5)
  A quicksilver dragon (Zot:4)
  A draconian scorcher (Zot:3)
  A hydra (Lair:5)
  A two-headed ogre (D:11)
  A deep troll earth mage (Depths:2)
  A deep troll shaman (Depths:2)
  A deep elf knight (Elf:2)
  3 deep trolls
  A bog body (Swamp:2)
  A goliath frog (Swamp:1)
  A skyshark (Lair:5)
  2 lindwurms (Lair:5)
  A wolf spider (Spider:4)
  2 ugly things (D:14)
  An elephant (Lair:4)
  A moth of wrath (Zot:2)
  A black mamba (Lair:4)
  A guardian serpent (shapeshifter) (Vaults:5)
  2 cane toads
  2 gargoyles
  4 dancing weapons
  A komodo dragon (Lair:2)
  2 yaktaurs
  3 bloated husks
  A tyrant leech (Lair:5)
  A troll (D:11)
  2 hornets (Lair:5)
  2 blink frogs (Lair:1)
  A wyvern (D:9)
  13 yaks
  4 redbacks (Spider:1)
  A vampire mosquito (Swamp:1)
  An acid dragon (D:12)
  A water moccasin (Lair:1)
  A hell hound (D:14)
  An orc warrior (D:11)
  2 wolves (Lair:1)
  2 wights
  2 killer bees (D:9)
  A jelly (D:7)
  An orc wizard (Orc:2)
  2 orcs (D:6)
  2 demonic plants (D:9)
  9 foxfires (Swamp:1)
  30 fungi
  48 plants
  2 snaplasher vines
  4 toadstools (D:4)
  2 withered plants (Elf:3)
173 creatures vanquished.

Grand Total: 2289 creatures vanquished

Notes
Turn   | Place    | Note
-------+----------+-------------------------------------------
     0 | D:1      | ShnitzelX3 the Barachi Summoner began the quest for the
                  | Orb.
     0 | D:1      | Reached XP level 1. HP: 13/13 MP: 3/3
     0 | D:1      | Upgraded the game from 0.30-a0-772-g5528072125 to
                  | 0.30-a0-777-ga9a30cbeda
   184 | D:1      | Reached XP level 2. HP: 20/20 MP: 3/5
   185 | D:1      | Reached skill level 5 in Summonings
   370 | D:1      | Learned a level 2 spell: Call Imp
   409 | D:1      | Reached XP level 3. HP: 25/25 MP: 6/6
   690 | D:1      | Found Cakilot's Armour Shop.
   800 | D:2      | Reached skill level 1 in Fighting
   985 | D:2      | Got Ciywiqep's Catalogue of Venom and Attendants
   990 | D:2      | Learned a level 3 spell: Call Canine Familiar
  1035 | D:2      | Noticed Sigmund
  1060 | D:2      | Killed Sigmund
  1061 | D:2      | Reached skill level 1 in Armour
  1061 | D:2      | Reached skill level 6 in Summonings
  1061 | D:2      | Reached XP level 4. HP: 34/34 MP: 1/8
  1061 | D:2      | Reached XP level 5. HP: 39/39 MP: 1/9
  1192 | D:2      | Identified the +1 helmet "Harch" {rCorr Str+5}
  1325 | D:2      | Learned a level 4 spell: Summon Lightning Spire
  1357 | D:2      | Found a runed translucent door.
  1358 | D:2      | Noticed Crazy Yiuf
  1399 | D:2      | Reached XP level 6. HP: 43/46 MP: 10/10
  1496 | D:2      | Killed Crazy Yiuf
  1573 | D:3      | Noticed Natasha
  1603 | D:3      | Killed Natasha
  1662 | D:3      | Found a hide-covered altar of Uskayaw.
  1684 | D:3      | Noticed Ijyb
  1845 | D:3      | Noticed Natasha
  1857 | D:3      | Killed Natasha
  1869 | D:3      | Noticed Natasha
  1876 | D:3      | Killed Natasha
  2438 | D:3      | Killed Ijyb
  2737 | D:1      | Bought a +1 ring mail of willpower for 176 gold pieces
  2806 | D:4      | Reached skill level 1 in Air Magic
  2950 | D:4      | Reached XP level 7. HP: 51/51 MP: 5/12
  3379 | D:4      | Found a shimmering blue altar of Sif Muna.
  3382 | D:4      | Became a worshipper of Sif Muna the Loreminder
  3427 | D:5      | Entered Level 5 of the Dungeon
  3704 | D:5      | Reached skill level 7 in Summonings
  3741 | D:5      | Learned a level 3 spell: Summon Guardian Golem
  3769 | D:5      | Found a sparkling altar of Nemelex Xobeh.
  4040 | D:5      | Reached XP level 8. HP: 56/58 MP: 6/13
  4090 | D:5      | Found a basalt altar of Yredelemnul.
  4092 | D:5      | Noticed a profane servitor
  4110 | D:5      | Found a glowing golden altar of the Shining One.
  4111 | D:5      | Noticed an angel
  4844 | D:6      | Found a shimmering altar of Xom.
  4844 | D:6      | Found a shimmering altar of Xom.
  4845 | D:6      | Found a shimmering altar of Xom.
  5194 | D:6      | Reached * piety under Sif Muna
  5195 | D:6      | Reached skill level 8 in Summonings
  5360 | D:6      | Learned a level 2 spell: Searing Ray
  5389 | D:6      | Reached skill level 5 in Dodging
  5584 | D:6      | Noticed Duvessa
  5584 | D:6      | Noticed Dowan
  5608 | D:6      | Killed Duvessa
  5609 | D:6      | Reached XP level 9. HP: 66/66 MP: 3/15
  5633 | D:6      | Killed Dowan
  5866 | D:6      | Found a shimmering altar of Xom.
  5866 | D:6      | Found a shimmering altar of Xom.
  5869 | D:6      | Found a shimmering altar of Xom.
  6274 | D:7      | Found a staircase to the Ecumenical Temple.
  6596 | D:7      | Reached skill level 5 in Fighting
  6605 | D:7      | Reached skill level 9 in Summonings
  6613 | D:7      | Reached ** piety under Sif Muna
  6623 | D:7      | Reached skill level 5 in Spellcasting
  6714 | D:7      | Reached skill level 5 in Armour
  6769 | D:7      | Found a sand-covered staircase.
  6777 | D:7      | Reached skill level 5 in Stealth
  6789 | Ossuary  | Entered an ossuary
  6998 | Ossuary  | Reached *** piety under Sif Muna
  7167 | D:7      | Found a stormy altar of Qazlal.
  7253 | D:7      | Reached XP level 10. HP: 69/76 MP: 12/18
  7400 | D:8      | Reached skill level 10 in Summonings
  8066 | D:9      | Found a flagged portal.
  8118 | Bailey   | Entered a bailey
  8252 | Bailey   | Noticed an orc knight
  8258 | Bailey   | Killed an orc knight
  8290 | Bailey   | Reached skill level 11 in Summonings
  8315 | Bailey   | Reached **** piety under Sif Muna
  8530 | D:9      | Noticed a smoke demon
  8536 | D:9      | Noticed a soul eater
  8782 | D:9      | Noticed a soul eater
  8784 | D:9      | Noticed a rust devil
  8797 | D:10     | Entered Level 10 of the Dungeon
  8977 | D:10     | Found Uraeg's Assorted Antiques.
  8981 | D:10     | Noticed a gargoyle
  8989 | D:10     | Killed a gargoyle
  8990 | D:10     | Reached XP level 11. HP: 83/84 MP: 8/20
  9025 | D:10     | Reached skill level 1 in Hexes
  9123 | D:10     | Bought a diamond ring for 135 gold pieces
  9123 | D:10     | Bought a glowing glass wand for 108 gold pieces
  9327 | D:10     | Found a staircase to the Orcish Mines.
  9338 | D:10     | Noticed a death yak
  9371 | D:10     | Noticed a boulder beetle
  9409 | D:11     | Reached skill level 12 in Summonings
  9504 | D:11     | Noticed a cyan ugly thing
  9544 | D:12     | Noticed a green ugly thing
  9561 | D:12     | Killed a green ugly thing
  9710 | D:12     | Noticed a cyan ugly thing
  9772 | D:12     | Noticed a cyclops
  9789 | D:12     | Killed a cyclops
  9830 | D:12     | Noticed Kirke
  9857 | D:12     | Killed Kirke
 10005 | D:12     | Found a blossoming altar of Fedhas.
 10031 | D:12     | Noticed a manticore
 10136 | D:12     | Learned a level 3 spell: Tukima's Dance
 10401 | D:11     | Noticed a soul eater
 10550 | D:11     | Noticed a two-headed ogre
 10570 | D:11     | Killed a two-headed ogre
 10731 | D:11     | Reached skill level 13 in Summonings
 10731 | D:11     | Reached XP level 12. HP: 94/94 MP: 4/23
 11335 | D:10     | Noticed a death yak
 11337 | D:10     | Killed a death yak
 11339 | D:10     | Noticed a death yak
 11346 | D:10     | Killed a death yak
 11348 | D:10     | Killed a death yak
 11428 | D:10     | Killed a boulder beetle
 11452 | D:10     | Found a staircase to the Lair.
 11583 | D:10     | Found a broken altar of Ashenzari.
 11937 | Lair:1   | Entered Level 1 of the Lair of Beasts
 11981 | Lair:1   | You fall into a shaft and drop 1 floor!
 12093 | Lair:1   | Reached skill level 1 in Long Blades
 12141 | Lair:1   | Reached ***** piety under Sif Muna
 12142 | Lair:1   | Reached skill level 14 in Summonings
 12440 | Lair:1   | Identified the +9 long sword of the Tomato {heavy, +Blink}
 12540 | Lair:1   | Received a gift from Sif Muna
 13345 | Lair:2   | Found a hole to the Spider Nest.
 13445 | Orc:1    | Entered Level 1 of the Orcish Mines
 13577 | Orc:2    | Entered Level 2 of the Orcish Mines
 13577 | Orc:2    | Noticed a boulder beetle
 13577 | Orc:2    | Found a staircase to the Elven Halls.
 13765 | Lair:2   | Gained mutation: You can hop long distances. [Barachi
                  | growth]
 13765 | Lair:2   | Reached XP level 13. HP: 103/103 MP: 14/25
 14118 | Lair:2   | Reached skill level 10 in Fighting
 14325 | Lair:3   | Reached skill level 1 in Invocations
 14452 | Lair:3   | Reached skill level 15 in Summonings
 14871 | Lair:3   | Gained mutation: You expend magic power (3 MP) to
                  | strengthen your wands. [potion of mutation]
 14871 | Lair:3   | Gained mutation: Your spells are a little harder to cast,
                  | but a little more powerful. [potion of mutation]
 14964 | Lair:3   | Found a staircase to the Swamp.
 15275 | Lair:4   | Reached skill level 5 in Long Blades
 15279 | Lair:4   | Received a gift from Sif Muna
 15290 | Lair:4   | Reached skill level 10 in Dodging
 15315 | Lair:4   | Got Sif Muna's Grimoire of Cleavage {god gift}
 15375 | Lair:4   | Learned a level 3 spell: Stone Arrow
 15475 | Lair:4   | Reached skill level 1 in Conjurations
 15937 | Lair:4   | Found a staircase to the Slime Pits.
 15938 | Lair:4   | Found a viscous altar of Jiyva.
 16044 | Lair:5   | Entered Level 5 of the Lair of Beasts
 16111 | Lair:5   | Reached XP level 14. HP: 92/111 MP: 14/27
 16303 | Lair:5   | Found a runed translucent door.
 16366 | Lair:5   | Reached skill level 16 in Summonings
 16815 | Lair:5   | Received a gift from Sif Muna
 16859 | Lair:5   | Learned a level 7 spell: Monstrous Menagerie
 16864 | Lair:5   | Learned a level 4 spell: Summon Ice Beast
 18269 | D:12     | Reached skill level 10 in Spellcasting
 18423 | D:13     | Found a portal to a secret trove of treasure.
 19026 | D:13     | Reached skill level 17 in Summonings
 19127 | D:13     | Found a gate to the Vaults.
 19441 | D:13     | Reached XP level 15. HP: 117/117 MP: 10/29
 19453 | D:13     | Learned a level 7 spell: Summon Hydra
 20177 | D:14     | Noticed Azrael
 20212 | D:15     | Entered Level 15 of the Dungeon
 20342 | D:15     | Noticed Nessos
 20749 | D:14     | Found a shadowy altar of Dithmenos.
 21222 | D:15     | Found a staircase to the Depths.
 21222 | D:15     | Noticed a fire giant
 21600 | Orc:1    | Noticed Harold
 21606 | Orc:1    | Killed Harold
 21607 | Orc:1    | Reached skill level 10 in Stealth
 22140 | Orc:2    | Reached skill level 18 in Summonings
 22592 | Orc:2    | Found Awuvyg's Assorted Antiques.
 22592 | Orc:2    | Found Kiereh's General Store.
 22592 | Orc:2    | Found Orissuf's Magic Scroll Emporium.
 22595 | Orc:2    | Found Pamiop's Distillery.
 22611 | Orc:2    | Bought a scroll of acquirement for 780 gold pieces
 22776 | D:13     | You paid a toll of 8 scrolls of fog to enter a treasure
                  | trove
 22777 | Trove    | Entered a treasure trove
 22802 | Trove    | Got the Disquisition on the United Bonfire
 22872 | D:13     | Learned a level 5 spell: Summon Mana Viper
 23235 | Orc:2    | Acquired the ring "Boadith" {AC+4 Int+4}
 23638 | Swamp:1  | Entered Level 1 of the Swamp
 24343 | Swamp:1  | Received a gift from Sif Muna
 24347 | Swamp:1  | Got Sif Muna's Meditations on the Snow-white Zephyr {god
                  | gift}
 25274 | Swamp:2  | Noticed a thorn hunter
 25291 | Swamp:2  | Killed a thorn hunter
 25292 | Swamp:2  | Reached XP level 16. HP: 124/124 MP: 3/31
 25780 | Swamp:2  | Reached skill level 5 in Invocations
 26192 | Swamp:3  | Identified the +0 rapier of Awkwardness {venom, rElec
                  | Str+4}
 26354 | Swamp:3  | Reached skill level 19 in Summonings
 26870 | Swamp:3  | Noticed a tentacled monstrosity
 26881 | Swamp:3  | Killed a tentacled monstrosity
 26983 | Swamp:3  | Reached skill level 10 in Long Blades
 27269 | Swamp:3  | Noticed Nikola
 27304 | Swamp:4  | Entered Level 4 of the Swamp
 28609 | Swamp:4  | Noticed a tentacled monstrosity
 28636 | Swamp:4  | Killed a tentacled monstrosity
 28637 | Swamp:4  | Reached XP level 17. HP: 96/130 MP: 2/33
 28864 | Swamp:4  | Got a decaying rune of Zot
 29580 | D:9      | Noticed Prince Ribbit
 29582 | D:9      | Killed Prince Ribbit
 29651 | D:9      | Found a radiant altar of Vehumet.
 30109 | D:1      | Bought a +2 helmet of see invisible for 236 gold pieces
 30347 | Spider:1 | Entered Level 1 of the Spider Nest
 30692 | Spider:1 | Reached skill level 20 in Summonings
 30737 | Spider:1 | Received a gift from Sif Muna
 30739 | Spider:1 | Got Sif Muna's Directory of Rancid Cinders {god gift}
 30747 | Spider:1 | Learned a level 6 spell: Summon Cactus Giant
 33616 | Spider:2 | Noticed Donald
 33622 | Spider:2 | Killed Donald
 34127 | Spider:2 | Received a gift from Sif Muna
 35780 | Spider:2 | Reached XP level 18. HP: 123/136 MP: 22/36
 36023 | Spider:3 | Reached ****** piety under Sif Muna
 36102 | Spider:3 | Noticed Roxanne
 36748 | Spider:3 | Received a gift from Sif Muna
 36749 | Spider:3 | Got Sif Muna's Directory of Misfortune and Arcane Combat
                  | {god gift}
 36953 | Spider:4 | Entered Level 4 of the Spider Nest
 37943 | Spider:4 | Reached skill level 21 in Summonings
 39373 | Spider:4 | Got a gossamer rune of Zot
 39995 | Elf:1    | Entered Level 1 of the Elven Halls
 40004 | Elf:1    | Reached skill level 1 in Shields
 40004 | Elf:1    | Received a gift from Sif Muna
 40021 | Elf:1    | Learned a level 8 spell: Summon Horrible Things
 40108 | Elf:1    | Found Cics's Magic Scroll Shop.
 40218 | Elf:1    | Paralysed by an air elemental for 1 turns
 40571 | Elf:1    | Reached skill level 5 in Shields
 40786 | Elf:1    | Got the Elucidation of Maleficent Secrets
 40799 | Elf:1    | Received a gift from Sif Muna
 40803 | Elf:1    | Got Sif Muna's Spellbook of Glaciation and Imprecation {god
                  | gift}
 41291 | Elf:2    | Found Arehaar's Gadget Gallery.
 41343 | Elf:2    | Reached XP level 19. HP: 142/142 MP: 32/37
 41508 | Elf:2    | Found Vinwel's General Store.
 41523 | Elf:2    | Bought a scroll of acquirement for 936 gold pieces
 41523 | Elf:2    | Acquired the ring "Dupixul" {*Corrode rPois Slay+4 SInv}
 41931 | Elf:2    | Found a runed translucent gate.
 41931 | Elf:2    | Found a runed translucent gate.
 41939 | Elf:2    | Found a runed translucent gate.
 42030 | Elf:2    | Found a shimmering blue altar of Sif Muna.
 42335 | Elf:3    | Entered Level 3 of the Elven Halls
 42392 | Elf:3    | Reached skill level 10 in Shields
 42943 | Elf:1    | Learned a level 7 spell: Summon Hydra
 43116 | Vaults:1 | Entered Level 1 of the Vaults
 43232 | Vaults:1 | Received a gift from Sif Muna
 43233 | Vaults:1 | Got Xeceph's Vellum of Conduction and Hoarfrost {god gift}
 43390 | Vaults:1 | Reached skill level 15 in Spellcasting
 44510 | Vaults:1 | Reached XP level 20. HP: 151/151 MP: 24/39
 44872 | Vaults:1 | Received a gift from Sif Muna
 44873 | Vaults:1 | Got Eseireag's Catalogue of the Retinue {god gift}
 44886 | Vaults:1 | Reached skill level 22 in Summonings
 45059 | Vaults:1 | Found Guxtunif's General Store.
 45718 | Vaults:2 | Found a staircase to the Crypt.
 45776 | Vaults:2 | Noticed Margery
 45789 | Vaults:2 | Killed Margery
 46222 | Vaults:2 | Identified the +3 leather armour of Hedging {rF+ Int+3}
 46361 | Vaults:2 | Reached skill level 15 in Dodging
 46362 | Vaults:2 | Received a gift from Sif Muna
 46363 | Vaults:2 | Got Foestreru's Secrets of Fulgent Orientation {god gift}
 46631 | Vaults:2 | Found Hinn's Magic Scroll Shop.
 46636 | Vaults:2 | Bought a scroll of blinking for 135 gold pieces
 46763 | Vaults:2 | Found a transporter.
 47412 | Vaults:3 | Reached XP level 21. HP: 151/160 MP: 31/41
 47836 | Vaults:3 | Received a gift from Sif Muna
 47879 | Vaults:3 | Learned a level 5 spell: Summon Forest
 47946 | Vaults:3 | Reached skill level 23 in Summonings
 48846 | Vaults:3 | Identified the +9 hand axe of the Dancing Coward {elec,
                  | Will+ Str+3 Dex+5}
 49190 | Vaults:4 | Upgraded the game from 0.30-a0-777-ga9a30cbeda to
                  | 0.30-a0-778-g2ef04afb54
 49303 | Vaults:4 | Learned a level 4 spell: Anguish
 49463 | Vaults:4 | Noticed Zenata
 49698 | Vaults:4 | Learned a level 9 spell: Dragon's Call
 49933 | Vaults:4 | Received a gift from Sif Muna
 50160 | Vaults:4 | Reached skill level 1 in Necromancy
 50441 | Vaults:5 | Entered Level 5 of the Vaults
 50478 | Vaults:5 | Noticed a dread lich
 50484 | Vaults:5 | Reached XP level 22. HP: 151/165 MP: 23/43
 50509 | Vaults:5 | Got a silver rune of Zot
 50679 | Vaults:5 | Noticed a dread lich
 50686 | Vaults:5 | Gained mutation: You are dopey. (Int -2) [mutagenic glow]
 50692 | Vaults:5 | Noticed a dread lich
 50708 | Vaults:4 | Gained mutation: You occasionally lose the ability to drink
                  | potions when taking damage. [mutagenic glow]
 51543 | D:15     | Received a gift from Sif Muna
 51544 | D:15     | Got Sif Muna's Anthology of the Kindled Flock {god gift}
 51691 | Depths:1 | Entered Level 1 of the Depths
 51735 | Depths:1 | Gained mutation: You are vulnerable to cold. (rC-)
                  | [mutagenic glow]
 52081 | Depths:1 | Reached skill level 24 in Summonings
 52102 | Depths:1 | Found a shadowy altar of Dithmenos.
 52116 | Depths:1 | Found a one-way gateway to a ziggurat.
 52314 | Depths:1 | Noticed Sojobo
 52325 | Depths:1 | Killed Sojobo
 52355 | Depths:1 | Found a gateway to Hell.
 52999 | D:15     | Lost mutation: You occasionally lose the ability to drink
                  | potions when taking damage. [potion of mutation]
 52999 | D:15     | Lost mutation: You expend magic power (3 MP) to strengthen
                  | your wands. [potion of mutation]
 52999 | D:15     | Lost mutation: Your spells are a little harder to cast, but
                  | a little more powerful. [potion of mutation]
 52999 | D:15     | Gained mutation: You have sharp fingernails. [potion of
                  | mutation]
 52999 | D:15     | Gained mutation: You are partially covered in iridescent
                  | scales. (AC +2) [potion of mutation]
 53000 | D:15     | Lost mutation: You are vulnerable to cold. (rC-) [potion of
                  | mutation]
 53000 | D:15     | Lost mutation: You are partially covered in iridescent
                  | scales. (AC +2) [potion of mutation]
 53000 | D:15     | Gained mutation: You have a pair of small horns on your
                  | head. [potion of mutation]
 53000 | D:15     | Gained mutation: Armour fits poorly on your strangely
                  | shaped body. [potion of mutation]
 53000 | D:15     | Lost mutation: Armour fits poorly on your strangely shaped
                  | body. [potion of mutation]
 53003 | D:15     | Lost mutation: You are dopey. (Int -2) [potion of mutation]
 53003 | D:15     | Lost mutation: You have a pair of small horns on your head.
                  | [potion of mutation]
 53003 | D:15     | Lost mutation: You have sharp fingernails. [potion of
                  | mutation]
 53003 | D:15     | Gained mutation: You occasionally lose the ability to read
                  | scrolls when taking damage. [potion of mutation]
 53003 | D:15     | Gained mutation: You have sharp toenails. [potion of
                  | mutation]
 53004 | D:15     | Lost mutation: You occasionally lose the ability to read
                  | scrolls when taking damage. [potion of mutation]
 53004 | D:15     | Lost mutation: You have sharp toenails. [potion of
                  | mutation]
 53004 | D:15     | Gained mutation: You have a pair of small horns on your
                  | head. [potion of mutation]
 53004 | D:15     | Gained mutation: You have sharp toenails. [potion of
                  | mutation]
 53005 | D:15     | Lost mutation: You have a pair of small horns on your head.
                  | [potion of mutation]
 53005 | D:15     | Lost mutation: You have sharp toenails. [potion of
                  | mutation]
 53005 | D:15     | Gained mutation: You have sharp toenails. [potion of
                  | mutation]
 53005 | D:15     | Gained mutation: You occasionally shout uncontrollably at
                  | your foes. [potion of mutation]
 53005 | D:15     | Gained mutation: You are agile. (Dex +4, Str/Int -1)
                  | [potion of mutation]
 53005 | D:15     | Gained mutation: You are robust. (+10% HP) [potion of
                  | mutation]
 53443 | Depths:2 | Found a one-way gate to the infinite horrors of the Abyss.
 53444 | Depths:2 | Identified the +7 tower shield of the Lily {Dex+4}
 53444 | Depths:2 | Noticed Louise
 53452 | Depths:2 | Received a gift from Sif Muna
 53465 | Depths:2 | Killed Louise
 53478 | Depths:2 | Reached XP level 23. HP: 179/195 MP: 2/45
 53481 | Depths:2 | Got Sif Muna's Tome of the Switch and the Sphinx {god gift}
 53710 | Depths:2 | Found the +1 cloak of Starlight {*Dazzle EV+4 Stlth--}
 53820 | Depths:2 | Identified the +9 glaive of Discord {drain, rPois}
 53924 | Depths:2 | Found a one-way gate leading to the halls of Pandemonium.
 54040 | Depths:2 | Found a runed translucent door.
 54040 | Depths:2 | Noticed a juggernaut
 54775 | D:15     | Killed Nessos
 55068 | Vaults:2 | Bought a scroll of enchant armour for 135 gold pieces
 55283 | Orc:2    | Bought a scroll of teleportation for 39 gold pieces
 55283 | Orc:2    | Bought a scroll of summoning for 123 gold pieces
 55283 | Orc:2    | Bought a scroll of enchant weapon for 97 gold pieces
 55515 | Depths:3 | Noticed Boris
 55518 | Depths:3 | Noticed Mennas
 55808 | Depths:3 | Killed Boris
 55819 | Depths:3 | Killed Mennas
 55869 | Depths:3 | Found a white marble altar of Elyvilon.
 56247 | Depths:4 | Entered Level 4 of the Depths
 56269 | Depths:4 | Received a gift from Sif Muna
 56270 | Depths:4 | Reached skill level 5 in Necromancy
 56274 | Depths:4 | Got Qomn's Meditations on the Star-crossed Iceberg {god
                  | gift}
 56492 | Depths:4 | Found a gate to the Realm of Zot.
 56646 | Depths:4 | Found Sesus's Antique Armour Shop.
 56650 | Depths:4 | Bought a twisted ring mail for 378 gold pieces
 56650 | Depths:4 | Identified the +3 ring mail of Brilliance {Rampage} (You
                  | bought it in a shop on level 4 of the Depths)
 56652 | Depths:4 | Bought a pair of embroidered gloves for 315 gold pieces
 56654 | Depths:4 | Bought a pair of runed gloves for 315 gold pieces
 56741 | Depths:4 | Found Kadoteja's Armour Emporium.
 56749 | Depths:4 | Found Kenysta's Antique Weapon Emporium.
 56757 | Depths:4 | Bought the +3 ring mail "Vuwub" {rF++ Int-4} for 526 gold
                  | pieces
 56766 | Depths:4 | Bought a fine short sword for 296 gold pieces
 56766 | Depths:4 | Identified the +9 short sword of Honour {vamp, rElec rF+
                  | rN+ Will-} (You bought it in a shop on level 4 of the
                  | Depths)
 56805 | Depths:4 | Reached skill level 25 in Summonings
 57024 | Depths:4 | Identified the +1 robe of the Cartwright {MP-9 Int-3 Dex+9
                  | Slay+4}
 57162 | Depths:4 | Found a transporter.
 57162 | Depths:4 | Found a transporter.
 57168 | Depths:4 | Found a bloodstained altar of Trog.
 57168 | Depths:4 | Noticed a juggernaut
 57181 | Depths:4 | Noticed Odimm's ghost (master GrFi)
 57352 | Zot:1    | Entered Level 1 of the Realm of Zot
 57934 | Vaults:5 | Reached skill level 15 in Fighting
 57941 | Vaults:5 | Received a gift from Sif Muna
 57952 | Vaults:5 | Reached XP level 24. HP: 153/206 MP: 22/46
 58296 | Vaults:5 | Killed a dread lich
 58442 | Vaults:5 | Identified the amulet "Tahuxe" {Acrobat Str+6}
 58866 | Vaults:5 | Identified the +9 shortbow of the Asp {elec, rN++}
 59030 | Vaults:5 | Identified the +3 hand axe "Keuleddu" {heavy, Dex+3}
 59212 | Vaults:5 | Acquired the +3 buckler of Whack-A-Mole {Int+4}
 59233 | Vaults:5 | Got Meaqid's Precepts of Concussion {god gift}
 59260 | Vaults:5 | Identified the +1 scale mail of the Sun {Rampage rElec rC-
                  | rN+}
 59346 | Vaults:5 | Identified the +0 pair of gloves of the Trout {Int+5}
 59381 | Vaults:5 | Identified the +3 mace "Xohy" {venom, rPois Dex+3 SInv}
 59601 | Vaults:5 | Learned a level 5 spell: Borgnjor's Vile Clutch
 60345 | D:14     | Killed Azrael
 60621 | Elf:3    | Reached skill level 1 in Earth Magic
 60689 | Elf:3    | Identified the +6 glaive "Nugaub" {heavy, rC+ MP+9 Dex+4}
 60696 | Elf:3    | Received a gift from Sif Muna
 60698 | Elf:3    | Identified the ring "Kubli" {Wiz rElec rPois Will- MP+9}
 60707 | Elf:3    | Identified the amulet of Hakublan {Acrobat rN+ Will+ Dex+4}
 60716 | Elf:3    | Got Sif Muna's Treatise on the Aerial Winter {god gift}
 60828 | Elf:3    | Identified the +2 scale mail of the Fae God {rN+ Str+3}
 60971 | Elf:3    | Identified the +1 robe of the Damp God {Harm}
 61062 | Elf:3    | Reached skill level 26 in Summonings
 61229 | Elf:3    | Found Dulachaff's Assorted Antiques.
 61251 | Elf:3    | Bought a potion of heal wounds for 170 gold pieces
 61251 | Elf:3    | Bought a pair of embroidered boots for 255 gold pieces
 61346 | Elf:3    | Got the Elucidation of Bruises
 61368 | Elf:3    | Found the +2 cloak of the Thief {*Fog Slay-2 SInv Stlth+}
 61389 | Elf:3    | Identified the +1 shortbow "Vudydo Emeext" {freeze, *Slow
                  | rN++ Will+ Stlth+}
 61429 | Elf:3    | Found a runed translucent door.
 61429 | Elf:3    | Noticed Timpihef's ghost (adept OpAK)
 61561 | Elf:3    | Killed Timpihef's ghost
 61571 | Elf:3    | Identified the ring "Pohiqu" {Wiz rN++ Will+}
 62432 | Zot:1    | Reached XP level 25. HP: 217/217 MP: 33/47
 62684 | Zot:1    | Reached skill level 15 in Shields
 62696 | Zot:1    | Identified the +2 ring mail of the Monkey {rF+ rC- Regen+
                  | Dex+3}
 63068 | Zot:2    | Reached skill level 5 in Earth Magic
 63100 | Zot:2    | Received a gift from Sif Muna
 63104 | Zot:2    | Got Fafupuf's Precepts of the Map {god gift}
 63168 | Zot:2    | Learned a level 5 spell: Yara's Violent Unravelling
 63803 | Zot:2    | Noticed Vv
 64327 | Zot:2    | Killed Vv
 64753 | Zot:3    | Noticed Parghit
 64764 | Zot:3    | Noticed a Killer Klown
 64764 | Zot:3    | Noticed a Killer Klown
 64764 | Zot:3    | Noticed a Killer Klown
 64764 | Zot:3    | Noticed a Killer Klown
 65174 | Zot:2    | Killed a Killer Klown
 65252 | Zot:3    | Killed a Killer Klown
 65253 | Zot:3    | Killed a Killer Klown
 65347 | Zot:3    | Killed a Killer Klown
 65365 | Zot:3    | Killed Parghit
 65555 | Zot:3    | Found Xiokobel's CLEARANCE SALE!.
 65908 | Zot:4    | Noticed an orb of fire
 65916 | Zot:4    | Gained mutation: You occasionally lose the ability to drink
                  | potions when taking damage. [an orb of fire]
 66402 | Zot:4    | Killed an orb of fire
 66403 | Zot:4    | Reached skill level 27 in Summonings
 66442 | Zot:4    | Received a gift from Sif Muna
 66444 | Zot:4    | Lost mutation: You occasionally shout uncontrollably at
                  | your foes. [potion of mutation]
 66444 | Zot:4    | Lost mutation: You occasionally lose the ability to drink
                  | potions when taking damage. [potion of mutation]
 66444 | Zot:4    | Lost mutation: You are robust. (+10% HP) [potion of
                  | mutation]
 66444 | Zot:4    | Gained mutation: Your body sometimes deteriorates upon
                  | taking damage. [potion of mutation]
 66444 | Zot:4    | Gained mutation: You are partially covered in iridescent
                  | scales. (AC +2) [potion of mutation]
 66445 | Zot:4    | Lost mutation: You have sharp toenails. [potion of
                  | mutation]
 66445 | Zot:4    | Lost mutation: You are partially covered in iridescent
                  | scales. (AC +2) [potion of mutation]
 66445 | Zot:4    | Gained mutation: You are somewhat resistant to further
                  | mutation. [potion of mutation]
 66445 | Zot:4    | Gained mutation: Your body often deteriorates upon taking
                  | damage. [potion of mutation]
 66445 | Zot:4    | Gained mutation: You have sharp toenails. [potion of
                  | mutation]
 66446 | Zot:4    | Lost mutation: You are agile. (Dex +4, Str/Int -1) [potion
                  | of mutation]
 66446 | Zot:4    | Lost mutation: Your body often deteriorates upon taking
                  | damage. [potion of mutation]
 66447 | Zot:4    | Lost mutation: You have sharp toenails. [potion of
                  | mutation]
 66447 | Zot:4    | Lost mutation: You are somewhat resistant to further
                  | mutation. [potion of mutation]
 66447 | Zot:4    | Lost mutation: Your body sometimes deteriorates upon taking
                  | damage. [potion of mutation]
 66447 | Zot:4    | Gained mutation: You are agile. (Dex +4, Str/Int -1)
                  | [potion of mutation]
 66447 | Zot:4    | Gained mutation: Your body sometimes deteriorates upon
                  | taking damage. [potion of mutation]
 66447 | Zot:4    | Gained mutation: You expend magic power (3 MP) to
                  | strengthen your wands. [potion of mutation]
 66448 | Zot:4    | Lost mutation: You expend magic power (3 MP) to strengthen
                  | your wands. [potion of mutation]
 66448 | Zot:4    | Lost mutation: Your body sometimes deteriorates upon taking
                  | damage. [potion of mutation]
 66448 | Zot:4    | Gained mutation: You are partially covered in iridescent
                  | scales. (AC +2) [potion of mutation]
 66448 | Zot:4    | Gained mutation: Your magical capacity is low. (-10% MP)
                  | [potion of mutation]
 66448 | Zot:4    | Gained mutation: Your mind is acute. (Int +4, Str/Dex -1)
                  | [potion of mutation]
 66517 | Zot:4    | Reached XP level 26. HP: 212/212 MP: 28/43
 66671 | Zot:5    | Entered Level 5 of the Realm of Zot
 66774 | Zot:4    | Reached skill level 10 in Invocations
 67848 | Zot:5    | Noticed an orb of fire
 67860 | Zot:5    | Killed an orb of fire
 67864 | Zot:5    | Noticed a Killer Klown
 67871 | Zot:5    | Killed a Killer Klown
 67907 | Zot:5    | Noticed an ancient lich
 67923 | Zot:5    | Killed an ancient lich
 67923 | Zot:5    | Received a gift from Sif Muna
 67926 | Zot:5    | Got Sif Muna's Catalogue of the Fetching Xenolith {god
                  | gift}
 67938 | Zot:5    | Noticed an orb of fire
 67945 | Zot:5    | Killed an orb of fire
 68083 | Zot:5    | Reached skill level 15 in Stealth
 68113 | Zot:5    | Noticed an ancient lich
 68116 | Zot:5    | Killed an ancient lich
 68121 | Zot:5    | Noticed a dread lich
 68367 | Zot:5    | Killed a dread lich
 68830 | Zot:5    | Noticed a dread lich
 68836 | Zot:5    | Killed a dread lich
 69231 | Zot:5    | Noticed an orb of fire
 69234 | Zot:5    | Killed an orb of fire
 69237 | Zot:5    | Noticed a dread lich
 69239 | Zot:5    | Got the Orb of Zot
 69762 | D:$      | Escaped with the Orb!

Illustrated notes

Levels and vault maps discovered:
D:1:      enne_arrival_octagon_isle, layout_basic, serial_shops,
          nicolae_shop_advertising_works [nicolae_subvault_shop_adworks],
          serial_bayou_pond_d
D:2:      layout_rooms, uniq_sigmund, uniq_crazy_yiuf_cottage
D:3:      layout_basic, eat_drink_and_be_merry_uskayaw, uniq_ijyb, uniq_natasha
D:4:      layout_basic, lemuel_blue_sif_altar, serial_park_tiny_2,
          minmay_gold_behind_fungi, minmay_misc_feat_cross, grunt_ministairs_11,
          nicolae_titane
D:5:      layout_loops_ring, mainiacjoe_overflow_surrounded_room,
          grunt_temple_overflow_holy_war
D:6:      layout_basic, xom_redecorated, st_stairs_4, minmay_circle_x,
          uniq_duvessa
D:7:      layout_rooms, mainiacjoe_overflow_alcove_2, minmay_temple_entry_grid,
          nicolae_ossuary_entry_catacombs
D:8:      minmay_klotski, layout_loops_ring
D:9:      layout_small_grid, mainiacjoe_overflow_boulevard, enter_bailey_3,
          serial_demonic, serial_demonic_c, serial_demonic_b, serial_demonic_f,
          serial_demonic_d, minivault_22, uniq_prince_ribbit1
D:10:     layout_long_grid, ashenzari_conservatory_becter, dpeg_lair_monsters,
          orc_0_dummy, serial_shops, nicolae_square_shop,
          kennysheep_generic_room_6
D:11:     layout_loops_corners
D:12:     layout_roguey, fedhas_altar_2, uniq_kirke
D:13:     layout_gridville, david_vaults_4, nicolae_trove_entry_crossroad
D:14:     layout_big_octagon, lemuel_tele_altar, uniq_azrael
D:15:     grunt_enter_depths_giant_problem, layout_stronghold,
          nicolae_cairo_tiling_large, chequers_serial_rivers_micro_a,
          uniq_nessos
Lair:1:   layout_regular_city, beast_lair_carwin_5, grunt_megastairs_4
Lair:2:   layout_misc_corridors, spider_nest_entry_a, enter_volcano_2,
          serial_bayou_shore_b
Lair:3:   layout_gridlike, palyth_hydra_swamp_entry, pdpol_lair_cavern_descent,
          lemuel_fruit_tree
Lair:4:   layout_roguey, minmay_slime_entry_oklob_open, st_stairs_3,
          lemuel_fruit_fields
Lair:5:   wormcave, layout_regular_city, minivault_11,
          chequers_serial_rivers_large_a, st_stairs_6
Swamp:1:  layout_basic_swamp, evilmike_swamp_ruin_rubble_2
Swamp:2:  layout_basic_swamp, nicolae_swamp_trees_clearing,
          infiniplex_staircase_pool_2
Swamp:3:  layout_basic_swamp, serial_swamp_ruin, evilmike_swamp_ruin_rubble_1,
          evilmike_swamp_ruin_house_6, hangedman_swamp_ruin_wall, uniq_nikola
Swamp:4:  swamp_vile, layout_basic_swamp
Spider:1: layout_cave_pods
Spider:2: spider_temple_joshua, drop_trap, uniq_donald
Spider:3: layout_spider_delve, hangedman_spider_tarantella_strand, uniq_roxanne
Spider:4: grunt_spider_rune_parallel
Orc:1:    layout_caves, uniq_harold
Orc:2:    st_orc_mages, layout_caves, rock_pile
Elf:1:    elf_arrival_002, layout_loops_corners, serial_shops,
          nicolae_shop_behind_doors, minmay_elf_necromancy, minmay_crystal_room,
          grunt_ministairs_9, grunt_megastairs_5
Elf:2:    nicolae_elf_blades_splatter_lattice
          [nicolae_blade_entry_floor_patterns], layout_loops_corners,
          basic_altar, serial_shops, shop, nicolae_shop_gadgets
Elf:3:    grunt_elf_hall_diamonds, layout_loops_cross, serial_shops, shop,
          gammafunk_ghost_grave
Vaults:1: nicolae_vaults_big_angled_halls, ontoclasm_vaults_twist,
          ontoclasm_vaults_pinch, nicolae_vaults_little_squares_4, v_misc_19,
          ontoclasm_vaults_spin, nicolae_vaults_branching_niches,
          nicolae_vaults_little_squares_3, hangedman_vaults_restitches,
          vaults_room_pools, hangedman_vaults_maws, grunt_vaults_swirl,
          nicolae_vaults_network_square, vaults_dpeg_cross,
          dpeg_vaults_monster_box, vaults_room_door_ring, layout_vaults_omnibox,
          serial_shops, nicolae_shop_trees
Vaults:2: emtedronai_trogs_sanctum, nicolae_vaults_stairing_the_circle,
          vaults_dpeg_diagonal, v_pattern_4, grunt_vaults_trifunnel,
          nicolae_vaults_little_squares_3, v_misc_2, v_misc_17,
          minmay_crypt_entry_simple_corners, nicolae_vaults_theta,
          nicolae_vaults_angled_halls, hangedman_vaults_nails,
          nicolae_vaults_alarming, ontoclasm_vaults_decontamination,
          v_alt_pattern_4, layout_vaults_maze_bifur, serial_shops,
          nicolae_shop_hallway_plus, uniq_margery
Vaults:3: nicolae_vaults_border_crossing, vaults_dpeg_hooks, v_misc_10,
          v_pattern_3, nicolae_vaults_bisected_inception,
          nicolae_vaults_puzzle_piece, v_misc_27,
          nicolae_vaults_mini_display_case, v_misc_19,
          nicolae_vaults_specimen_jars, vaults_dpeg_doors,
          ontoclasm_vaults_fault, v_misc_14, vaults_room_hangedman_quadrants,
          layout_vaults_ring
Vaults:4: nicolae_vaults_statue_guard, hangedman_vaults_corner_blocks,
          v_pattern_5, v_misc_27, vaults_room_fancy_cross, vaults_room_pools,
          v_misc_18, grunt_vaults_hallway_long, hangedman_vaults_stagger,
          vaults_mumra_lcd, v_misc_28, vaults_mumra_chevron,
          grunt_vaults_hallway_long, vaults_mumra_minichess_inversion,
          layout_vaults_big_room, uniq_frederick, uniq_zenata
Vaults:5
Depths:1: kennysheep_green_arena, layout_gridville, enter_ziggurat_d,
          basic_altar, hell_entry, skrybe_limestone_x,
          minmay_guarded_unrand_wrath_of_trog, uniq_sojobo
Depths:2: dreamdust_merry_men, layout_honeycomb, rand_demon_pan_entry_7,
          nicolae_abyss_entry_one_way_or_another, hell_entry,
          kennysheep_treasure_room, infiniplex_staircase_zigzag_4
Depths:3: hangedman_arrow_trap, layout_cave_pools, roderic_lattice_a,
          abyss_entry_glasseish, hell_entry, elyvilon_altar_5, uniq_mennas,
          uniq_boris
Depths:4: grunt_zot_entry_alcove, layout_basic, serial_shops, shop,
          gammafunk_ghost_wrathful_warriors, grunt_hell_horde,
          corexii_corridor_pit, serial_bayou_shore_b, minmay_shop_star
Zot:1:    layout_concentric_octagons, grunt_megastairs_2
Zot:2:    hangedman_orp_of_zott, layout_gridlike, uniq_vv
Zot:3:    ebering_greatest_show_in_zot, layout_onion_interference,
          nicolae_shop_clearance, uniq_parghit
Zot:4:    layout_misc_corridors
Zot:5:    layout_misc_corridors

Skill      XL: |  1  2  3  4  5  6  7  8  9 10 11 12 13 14 15 16 17 18 19 20 21 22 23 24 25 26 |
---------------+-------------------------------------------------------------------------------+-----
Stealth        | 2 3 4 5 6 7 8 9 10 11 12 13 14 15 | 15.3
Summonings     | 5 6 7 8 9 11 13 14 15 17 18 19 20 21 22 23 24 25 26 27 | 27.0
Fighting       | 2 3 4 5 7 8 9 10 11 12 13 14 15 16 18 21 | 21.4
Armour         | 1 2 3 4 5 |  5.2
Dodging        | 3 4 5 7 8 9 10 11 12 13 14 15 16 17 18 19 | 19.0
Spellcasting   | 3 4 5 6 7 8 9 10 11 12 14 15 16 17 18 19 20 21 | 21.8
Air Magic      | 1 2 3 4 |  4.5
Hexes          | 3 |  3.1
Long Blades    | 3 5 7 9 10 11 12 | 12.2
Invocations    | 4 6 7 8 9 10 | 10.9
Conjurations   | 2 |  2.3
Shields        | 8 10 11 12 13 14 15 16 | 16.5
Necromancy     | 1 4 5 6 |  6.6
Earth Magic    | 4 7 |  7.0

Action                     |  1- 3 |  4- 6 |  7- 9 | 10-12 | 13-15 | 16-18 | 19-21 | 22-24 | 25-27 || total
---------------------------+-------+-------+-------+-------+-------+-------+-------+-------+-------++-------
  Melee: Short sword       |    25 |     1 |       |     1 |       |       |       |    75 |   100 ||   202
         Dagger            |       |    43 |   142 |     3 |       |       |       |       |       ||   188
         Quarterstaff      |       |       |     3 |       |       |       |       |       |       ||     3
         Hand axe          |       |       |    63 |    80 |       |       |       |       |       ||   143
         Punch             |       |       |     3 |       |       |       |       |       |       ||     3
         Great sword       |       |       |       |    56 |   227 |   390 |    37 |     9 |       ||   719
         Staff             |       |       |       |     5 |     6 |     8 |       |       |       ||    19
         Rapier            |       |       |       |       |       |     3 |       |    97 |       ||   100
         Long sword        |       |       |       |       |       |       |   197 |     7 |       ||   204
  Throw: Dart              |       |     1 |     4 |     5 |       |       |       |       |       ||    10
   Cast: Summon Small Mamm |    34 |    11 |    18 |     5 |     2 |       |       |       |       ||    70
         Call Imp          |     2 |    19 |    25 |    19 |     7 |       |       |       |       ||    72
         Call Canine Famil |     1 |    15 |    44 |    57 |    53 |    33 |     4 |     3 |       ||   210
         Summon Lightning  |       |       |     4 |    38 |    40 |     8 |     1 |     1 |       ||    92
         Summon Guardian G |       |       |     5 |    38 |    44 |    20 |     9 |    12 |    13 ||   141
         Searing Ray       |       |       |     7 |     2 |     4 |       |       |       |       ||    13
         Tukima's Dance    |       |       |       |     8 |     4 |       |       |       |       ||    12
         Monstrous Menager |       |       |       |       |    39 |     8 |       |       |       ||    47
         Stone Arrow       |       |       |       |       |     5 |     9 |     4 |       |       ||    18
         Summon Ice Beast  |       |       |       |       |     2 |       |       |       |       ||     2
         Summon Hydra      |       |       |       |       |    64 |   246 |   156 |    43 |       ||   509
         Summon Mana Viper |       |       |       |       |     7 |    15 |     7 |     6 |     5 ||    40
         Summon Cactus Gia |       |       |       |       |       |     5 |     3 |       |     3 ||    11
         Summon Horrible T |       |       |       |       |       |    17 |   119 |    99 |    57 ||   292
         Dragon's Call     |       |       |       |       |       |       |     2 |    42 |    36 ||    80
         Anguish           |       |       |       |       |       |       |     1 |     8 |     1 ||    10
         Summon Forest     |       |       |       |       |       |       |     1 |     2 |     6 ||     9
         Polar Vortex      |       |       |       |       |       |       |       |     1 |       ||     1
         Borgnjor's Vile C |       |       |       |       |       |       |       |       |    12 ||    12
         Shatter           |       |       |       |       |       |       |       |       |     5 ||     5
 Invoke: Forget Spell      |       |       |       |       |     4 |       |     1 |       |       ||     5
         Channel Magic     |       |       |       |       |       |     1 |       |       |       ||     1
         Divine Exegesis   |       |       |       |       |       |       |       |     1 |     5 ||     6
Ability: Hop               |     3 |     3 |     9 |    11 |     7 |    16 |    12 |    12 |    10 ||    83
  Evoke: Wand              |       |       |     2 |    11 |    10 |    14 |     8 |    20 |     3 ||    68
         Condenser vane    |       |       |       |       |     1 |       |     2 |     2 |       ||     5
         Box of beasts     |       |       |       |       |       |       |       |     2 |       ||     2
         Phantom mirror    |       |       |       |       |       |       |       |       |     1 ||     1
    Use: Scroll            |     1 |     1 |    11 |    24 |    21 |    10 |    12 |    20 |     1 ||   101
         Potion            |       |       |     2 |     3 |     4 |     6 |     7 |    19 |    11 ||    52
   Stab: Sleeping          |     3 |       |     5 |     4 |     6 |     2 |     4 |     2 |     8 ||    34
         Distracted        |       |       |     4 |     4 |     7 |     8 |     4 |    10 |     6 ||    43
         Invisible         |       |       |     1 |     4 |       |     1 |       |     5 |       ||    11
         Paralysed         |       |       |       |       |     1 |       |       |       |       ||     1
 Armour: Robe              |     9 |       |       |       |       |       |       |       |       ||     9
         Leather armour    |     1 |    23 |    68 |       |       |       |       |       |       ||    92
         Ring mail         |       |     2 |    34 |    98 |   166 |     6 |   151 |    70 |    34 ||   561
         Swamp dragon scal |       |       |       |       |       |   312 |     3 |       |       ||   315
  Dodge: Dodged            |    25 |    47 |   175 |   208 |   317 |   607 |   227 |   194 |   130 ||  1930
  Block: Kite shield       |       |       |       |       |       |       |   206 |   138 |    86 ||   430
         Reflection        |       |       |       |       |       |       |    25 |    24 |     1 ||    50

Table legend: (Time is in decaauts)
 A = Elapsed time spent in this place.
 B = Non-inter-level travel time spent in this place.
 C = Inter-level travel time spent in this place.
 D = Time resting spent in this place.
 E = Time spent auto-exploring this place.
 F = Levels seen in this place.
 G = Mean time per level.
                   A        B        C        D        E       F      G
               +--------+--------+--------+--------+--------+-----+--------+
         Total |  78170 |  69521 |   8649 |  18774 |  27400 |  50 | 1563.4 |
       Dungeon |  20671 |  17214 |   3457 |   3339 |   8692 |  15 | 1378.1 |
          Lair |   8142 |   6706 |   1436 |   1118 |   3239 |   5 | 1628.4 |
         Swamp |   5726 |   5547 |    179 |   2366 |   1785 |   4 | 1431.5 |
   Spider Nest |  10183 |   9521 |    662 |   4907 |   2116 |   4 | 2545.8 |
  Orcish Mines |   2172 |   1973 |    199 |    534 |    790 |   2 | 1086.0 |
   Elven Halls |   4719 |   4363 |    356 |    926 |   2051 |   3 | 1573.0 |
        Vaults |  11925 |  10647 |   1278 |   2235 |   3620 |   5 | 2385.0 |
        Depths |   5883 |   5417 |    466 |    849 |   2588 |   4 | 1470.8 |
           Zot |   7942 |   7329 |    613 |   2342 |   2409 |   5 | 1588.4 |
         Trove |     82 |     82 |      0 |      0 |     10 |   1 |   82.0 |
       Ossuary |    280 |    280 |      0 |     45 |     24 |   1 |  280.0 |
        Bailey |    439 |    439 |      0 |    111 |     71 |   1 |  439.0 |
               +--------+--------+--------+--------+--------+-----+--------+

Top non-repeatable levels by time:
Spider:2: 3640 daAuts
Vaults:1: 3259 daAuts
Spider:1: 2716 daAuts
   Zot:2: 2550 daAuts
Vaults:3: 2447 daAuts
Spider:4: 2335 daAuts
  Lair:5: 2205 daAuts
Vaults:2: 2205 daAuts
    D:13: 2087 daAuts
   Zot:5: 2081 daAuts
  Lair:1: 2067 daAuts
Vaults:4: 2049 daAuts
     D:6: 1985 daAuts
Vaults:5: 1963 daAuts
 Swamp:4: 1931 daAuts
